 Dungeon Crawl Stone Soup version 0.19.3-4-gbf9329e (webtiles) character file.

96 Naow the Conjurer (level 4, -3/24 HPs)
             Began as a Deep Elf Conjurer on Jan 26, 2017.
             Slain by Killazer's ghost (5 damage)
             ... on level 3 of the Dungeon.
             The game lasted 00:03:28 (2524 turns).

Naow the Conjurer (Deep Elf Conjurer)               Turns: 2524, Time: 00:03:28

Health: -3/24      AC:  3    Str:  5    XL:     4   Next: 41%
Magic:  3/11       EV: 13    Int: 21    God:
Gold:   179        SH:  0    Dex: 15    Spells: 2 memorised, 7 levels left

rFire  . . .     SeeInvis .     u - staff of wizardry (curse)
rCold  + . .     Gourm    .     a - +0 robe
rNeg   . . .     Faith    .     (no shield)
rPois  .         Spirit   .     (no helmet)
rElec  .         Reflect  .     (no cloak)
rCorr  .         Harm     .     (no gloves)
MR     .....                    t - +0 pair of boots
Stlth  ++........               (no amulet)
                                (no ring)
                                f - ring of protection from cold

@: no status effects
A: no striking features
a: no special abilities


You were on level 3 of the Dungeon.
You were not hungry.

You visited 1 branch of the dungeon, and saw 3 of its levels.

You collected 179 gold pieces.

Inventory:

Armour
 a - a +0 robe (worn)
 t - a +0 pair of boots (worn)
Magical Staves
 u - a cursed staff of wizardry (weapon)
Jewellery
 f - a ring of protection from cold (left hand)
 r - an uncursed ring of protection from cold
Scrolls
 h - a scroll of noise {unknown}
 i - a scroll of remove curse {unknown}
 l - a scroll of identify {unknown}
 n - a scroll of teleportation {unknown}
 s - 2 scrolls of recharging {unknown}
Potions
 d - 2 potions of flight {unknown}
 e - 2 potions of heal wounds {unknown}
 j - a potion of cure mutation {unknown}
 m - a potion of degeneration {unknown}
 o - a potion of invisibility {unknown}
 q - a potion of mutation {unknown}
Books
 b - a book of Conjurations

   Spells                             Type                      Level
   a - Magic Dart                     Conjuration                  1
   b - Searing Ray                    Conjuration                  2
   c - Dazzling Spray                 Conjuration/Hexes            3
   d - Fulminant Prism                Conjuration/Hexes            4
   e - Iskenderun's Mystic Blast      Conjuration                  4
   f - Iskenderun's Battlesphere      Conjuration/Charms           5
Comestibles
 c - 2 bread rations
 g - a chunk of flesh
 k - 2 beef jerkies
 p - 2 meat rations
 v - a royal jelly


   Skills:
 - Level 2.4 Dodging
 - Level 2.4 Stealth
 + Level 3.9 Spellcasting
 * Level 6.1 Conjurations


You had 7 spell levels left.
You knew the following spells:

 Your Spells              Type           Power        Failure   Level  Hunger
a - Magic Dart            Conj           ####         1%          1    None
b - Searing Ray           Conj           ####..       1%          2    #......


Dungeon Overview and Level Annotations

Branches:
Dungeon (3/15)

Altars:

Annotations:
D:3 Killazer's ghost, amateur MiBe


Message History

You finish channeling your searing ray.
Killazer's ghost screams in joy, "As in life, so in death: Kill!
Kill!!
Kill!!!"
Killazer's ghost closely misses you.
Casting: Searing Ray
Confirm with . or Enter, or press ? or * to list all spells.
Aiming: Searing Ray
Press: ? - help, Shift-Dir - straight line, f/p - Killazer's ghost
Aim: Killazer's ghost (heavily damaged)
The searing ray hits Killazer's ghost.
Killazer's ghost is severely damaged. (Press . to maintain the ray.) Killazer's ghost screams, "You will join me soon!"
Killazer's ghost hits you!
Ouch! That really hurt!
The searing ray hits Killazer's ghost.
Killazer's ghost is severely damaged.
Killazer's ghost hits you!
* * * LOW HITPOINT WARNING * * *
Killazer's ghost hits you.
You die...

#.#.###.####.##.#..
#.#.###.####.#.....
#.......##........#
##...#####.#.....W.
#...# #.##.W..#. #...#
#.........
#####...#####..#...!.#
###[..........#..#..#.##
.......@W............##
###...........##.#.##.#
#####...######.......#
#...# ###..###. #.>.#
##.# # #...# .# ##.## #.
... #. #.


You could see Killazer's ghost.

Vanquished Creatures
  Ijyb (D:3)
  An adder (D:3)
  2 dart slugs (D:2)
  4 leopard geckos
  2 bats (D:2)
  A giant cockroach (D:1)
  7 goblins
  8 hobgoblins
  4 jackals (D:2)
  2 quokkas (D:2)
  2 ball pythons
  3 frilled lizards
  10 kobolds
  5 rats
52 creatures vanquished.

Notes
Turn   | Place    | Note
-------+----------+-------------------------------------------
     0 | D:1      | Naow the Deep Elf Conjurer began the quest for the Orb.
     0 | D:1      | Reached XP level 1. HP: 10/10 MP: 6/6
   279 | D:1      | Reached XP level 2. HP: 15/15 MP: 6/8
   392 | D:1      | Reached skill level 5 in Conjurations
   659 | D:1      | Learned a level 2 spell: Searing Ray
   890 | D:2      | Reached XP level 3. HP: 19/19 MP: 7/9
  1833 | D:3      | Noticed Ijyb
  1839 | D:3      | Killed Ijyb
  1839 | D:3      | Reached XP level 4. HP: 24/24 MP: 4/11
  1853 | D:3      | Reached skill level 6 in Conjurations
  2074 | D:3      | Noticed Killazer's ghost (amateur MiBe)
  2524 | D:3      | Slain by Killazer's ghost

Skill      XL: |  1  2  3  4 |
---------------+-------------+-----
Conjurations   | 5 6 |  6.1
Dodging        | |  2.4
Stealth        | |  2.4
Spellcasting   | |  3.9

Action                   |  1- 3 |  4- 6 || total
-------------------------+-------+-------++-------
Melee: Staff             |       |     6 ||     6
 Cast: Magic Dart        |    84 |    12 ||    96
       Searing Ray       |     1 |     5 ||     6
  Eat: Chunk             |     3 |     2 ||     5
Armor: Robe              |     1 |     3 ||     4
Dodge: Dodged            |     3 |    15 ||    18
